Map: Dragon Scales LE

Players

Dawn - Winner!

  • Race: Terran Terran
  • League: Gold
  • Spawn Location: 11:00

winzboy

  • Race: Protoss Protoss
  • League: Gold
  • Spawn Location: 5:00

VOD

Have the link to the VOD?

Description

Time

  • Played on: May 23, 2023, 2:06 a.m.
  • Length: 7:29
Show
View Real Time Build Order
Export as new Build Order

Dawn Terran - Winner!

Build Orders: Reaper Expand 

Get SALT Encoding   

  12  0:00  SCV  
  13  0:12  SCV  
  14  0:17  Supply Depot  
  14  0:25  SCV  
  15  0:39  SCV  
  15  0:40  Barracks  
  16  0:45  Refinery  
  16  0:51  SCV  
  17  1:03  SCV  
  18  1:15  SCV  
  19  1:29  Orbital Command, Reaper  
  20  1:41  Command Center  
  20  1:50  Supply Depot  
  20  1:55  SCV  
  21  2:01  Marine  
  21  2:07  SCV  
  23  2:12  Factory  
  23  2:16  Bunker  
  23  2:19  SCV  
  23  2:22  Refinery  
  24  2:26  Barracks Reactor  
  24  2:32  SCV  
  25  2:44  SCV  
  26  2:56  SCV  
  27  3:01  Starport  
  27  3:02  Orbital Command  
  27  3:04  Hellion  
  29  3:05  Marine x2  
  29  3:09  Barracks  
  31  3:13  SCV  
  32  3:25  SCV  
  32  3:27  Widow Mine, Marine x2  
  35  3:30  SCV  
  38  3:37  SCV  
  39  3:42  Barracks  
  39  3:46  SCV  
  40  3:49  SCV  
  40  3:51  Factory Tech Lab  
  40  3:52  Medivac  
  40  3:54  Supply Depot  
  43  3:58  SCV  
  43  4:00  Barracks Tech Lab  
  43  4:02  SCV  
  45  4:10  SCV, Supply Depot  
  45  4:16  SCV, Cyclone  
  50  4:20  Marauder  
  50  4:21  Stimpack  
  50  4:22  SCV  
  53  4:31  Barracks Reactor  
  53  4:33  Marine x2  
  53  4:36  SCV x2  
  57  4:41  Marine  
  57  4:45  Starport Reactor, Supply Depot  
  58  4:48  SCV x2  
  58  4:51  Marine x2  
  62  4:54  Refinery  
  62  4:55  Refinery  
  62  4:56  Engineering Bay  
  62  5:00  Engineering Bay  
  62  5:06  SCV  
  62  5:07  Marauder, Supply Depot  
  65  5:08  Supply Depot  
  64  5:22  Marine x3  
  64  5:24  Medivac  
  69  5:29  Medivac, Supply Depot x2  
  69  5:33  SCV x2  
  73  5:45  SCV x2  
  73  5:46  Supply Depot  
  73  5:48  Marine x4  
  73  5:49  Marine  
  80  5:57  SCV x2  
  82  6:05  Combat Shield  
  82  6:09  Command Center  
  82  6:15  Marine  
  82  6:16  Marauder, Marine  
  86  6:25  Marine  
  86  6:26  Marine  
  86  6:27  Siege Tank  
  86  6:31  Supply Depot  
  91  6:37  Marauder  
  93  6:45  Barracks  
  93  6:46  Barracks  
  93  6:50  SCV x2  
  95  6:55  Supply Depot x2  
  95  6:59  Marauder  
  97  7:10  Marine  
  97  7:11  Marine  
Show
View Real Time Build Order
Export as new Build Order

winzboy Protoss 

Build Orders: 1 Gate Expand 

Get SALT Encoding   

  12  0:01  Probe  
  13  0:24  Pylon  
  13  0:29  Probe  
  14  0:41  Probe  
  15  0:51  Assimilator  
  15  0:53  Probe  
  15  0:54  Gateway  
  16  1:06  Probe  
  17  1:18  Probe  
  18  1:30  Nexus  
  18  1:35  Probe  
  19  1:50  Cybernetics Core  
  19  1:59  Pylon  
  19  2:01  Probe  
  19  2:05  Assimilator  
  20  2:13  Probe  
  21  2:32  Probe  
  21  2:34  Stalker  
  19  3:04  Probe  
  19  3:05  Probe  
  20  3:06  Warp Gate  
  20  3:17  Probe x2  
  22  3:21  Stalker  
  24  3:29  Probe (Chrono Boost)  
  24  3:30  Probe (Chrono Boost)  
  26  3:41  Probe (Chrono Boost)  
  27  3:47  Probe (Chrono Boost), Stalker  
  27  3:48  Probe (Chrono Boost)  
  31  3:58  Robotics Facility  
  31  4:00  Gateway  
  31  4:08  Pylon  
  31  4:11  Probe (Chrono Boost)  
  31  4:15  Probe (Chrono Boost)  
  34  4:24  Probe (Chrono Boost)  
  34  4:28  Robotics Facility  
  34  4:30  Probe  
  35  4:37  Assimilator  
  35  4:38  Stalker  
  35  4:39  Assimilator  
  35  4:41  Probe  
  38  4:47  Observer  
  39  5:05  Gateway  
  39  5:10  Pylon  
  39  5:12  Probe x2  
  39  5:13  Twilight Council  
  41  5:16  Stalker  
  39  5:25  Stalker  
  36  5:48  Probe x2  
  38  5:56  Charge (Chrono Boost)  
  38  6:00  Probe x2  
  40  6:12  Probe (Chrono Boost)  
  40  6:13  Probe (Chrono Boost)  
  42  6:23  Probe x2 (Chrono Boost)  
  44  6:28  Probe x2 (Chrono Boost), Zealot x3  
  52  6:40  Pylon  
  52  6:45  Probe, Pylon  
  52  6:46  Gateway  
  53  6:48  Gateway  
  53  6:55  Probe  
  53  6:57  Probe  
  55  7:08  Probe  
  52  7:09  Probe, Zealot x2  
Tags
 
Add a new tag
Caveats
  • Supply blocks, unpowered buildings, or Contaminate may cause inaccurate times.
  • Supply counts are checked every 10 seconds.